 Dungeon Crawl Stone Soup version 0.27-a0-1139-g28e009f8a6 (webtiles) character file.

Game seed: 9030156453118633491

27 Kuinu the Sneak (level 3, 0/22 HPs)
             Began as a Kobold Brigand on May 7, 2021.
             Slain by a hobgoblin (4 damage)
             ... on level 1 of the Dungeon.
             The game lasted 00:00:58 (338 turns).

Kuinu the Sneak (Kobold Brigand)                     Turns: 338, Time: 00:01:00

Health: 0/22       AC:  3    Str:  8    XL:     3   Next: 25%
Magic:  3/3        EV: 14    Int: 12    God:
Gold:   59         SH:  0    Dex: 17    Spells: 2/2 levels left

rFire    . . .     SeeInvis .   a - +2 dagger
rCold    . . .     Faith    .   (shield restricted)
rNeg     . . .     Spirit   .   b - +0 robe
rPois    .         Reflect  .   (no helmet)
rElec    .         Harm     .   c - +0 cloak
rCorr    .         Rampage  .   (no gloves)
Will     .....                  (no boots)
Stlth    ++++......             (no amulet)
HPRegen  0.07/turn              (no ring)
MPRegen  0.08/turn              (no ring)

@: no status effects
A: small, no large weapons, nightstalker 3
a: no special abilities


You were on level 1 of the Dungeon.
You visited 1 branch of the dungeon, and saw 1 of its levels.

You collected 59 gold pieces.

Inventory:

Hand Weapons
 a - a +2 dagger (weapon)
Missiles
 d - 6 poisoned darts (quivered)
Armour
 b - a +0 robe (worn)
 c - a +0 cloak (worn)
Scrolls
 f - 2 scrolls of teleportation {unknown}
 i - a scroll of immolation {unknown}
Potions
 g - 2 potions of ambrosia {unknown}
 h - a potion of berserk rage {unknown}


   Skills:
 * Level 2.8 Fighting
 * Level 3.2 Short Blades
 - Level 2.1 Throwing
 + Level 0.4 Armour
 * Level 2.0 Dodging
 + Level 5.4 Stealth


You had 2 spell levels left.
You didn't know any spells.
Your spell library contained the following spells:

 Spells                   Type           Power      Damage    Failure   Level
 Animate Skeleton         Necr           0%         N/A       32%         1
 Apportation              Tloc           0%         N/A       32%         1
 Corona                   Hex            0%         N/A       32%         1
 Summon Small Mammal      Summ           0%         N/A       32%         1


Dungeon Overview and Level Annotations

Branches:
Dungeon (1/15)

Altars:


Innate Abilities, Weirdness & Mutations

You are small and have problems with some larger weapons.
You are completely attuned to the shadows.


Message History

You are too injured to fight recklessly!
You are too injured to fight recklessly!
The hobgoblin misses you. The hobgoblin misses you.
Throw: 2 darts (curare)
Press: ? - help, Q - select action, (/) - cycle Shift-Dir - straight line, f - gnoll
Aim: a gnoll, wielding a +0 club (moderately wounded, 65% to hit)
You throw a curare-tipped dart. The curare-tipped dart hits the gnoll.
The gnoll is poisoned.
The gnoll convulses.
The gnoll seems to slow down.
The gnoll is almost dead.
You kill the gnoll!
Your Dodging skill increases to level 2!
You have reached level 3!
Your experience leads to an increase in your attributes!
Increase (S)trength, (I)ntelligence, or (D)exterity?
You feel agile.
Okay, then.
Throw: dart (curare)
Press: ? - help, Q - select action, (/) - cycle Shift-Dir - straight line, f - hobgoblin
Aim: a hobgoblin (62% to hit)
You throw a curare-tipped dart.
The curare-tipped dart closely misses the hobgoblin.
Throw: 8 darts (poison)
Press: ? - help, Q - select action Shift-Dir - straight line, f/p - hobgoblin
Aim: a hobgoblin (62% to hit)
You throw a poisoned dart. The poisoned dart hits the hobgoblin.
You barely miss the hobgoblin. You barely miss the hobgoblin.
The hobgoblin barely misses you.
You hit the hobgoblin.
The hobgoblin is heavily wounded.
The hobgoblin hits you.
* * * LOW HITPOINT WARNING * * *
Throw: 7 darts (poison)
Press: ? - help, Q - select action Shift-Dir - straight line, f/p - hobgoblin
Aim: a hobgoblin (heavily wounded, 62% to hit)
You throw a poisoned dart.
The poisoned dart barely misses the hobgoblin.
The hobgoblin hits you.
You die...

###### ######### ......
#........ .#... #........
.#†##################........
................@g..(..>.....
...#.####.###########........
............# #........
..##.####.#.# #######........
.....# ##.#.# #.......(......
..### ...#.# #.......#.####
### ##.#.###.......#.#
######.....+.........#
#...####.###.......#.#


You could see a hobgoblin.

Vanquished Creatures
  A gnoll (D:1)
  A dart slug (D:1)
  An endoplasm (D:1)
  A hobgoblin (D:1)
  3 jackals (D:1)
  4 ball pythons (D:1)
  2 bats (D:1)
  3 frilled lizards (D:1)
  A rat (D:1)
17 creatures vanquished.

Notes
Turn   | Place    | Note
-------+----------+-------------------------------------------
     0 | D:1      | Kuinu the Kobold Brigand began the quest for the Orb.
     0 | D:1      | Reached XP level 1. HP: 12/12 MP: 1/1
    93 | D:1      | Reached XP level 2. HP: 18/18 MP: 2/2
   327 | D:1      | Reached XP level 3. HP: 7/22 MP: 3/3
   338 | D:1      | Slain by a hobgoblin

Illustrated notes

Levels and vault maps discovered:
D:1:      dpeg_arrival_rhombi, layout_basic

Skill      XL: |  1  2 |
---------------+-------+-----
Short Blades   | 3 |  3.2
Dodging        | 2 |  2.0
Fighting       | |  2.8
Throwing       | |  2.1
Armour         | |  0.4
Stealth        | |  5.4

Action                   || total
-------------------------++-------
Melee: Dagger            ||    28
Throw: Dart              ||     4
 Stab: Sleeping          ||    12
Armor: Robe              ||     1
Dodge: Dodged            ||     9

Table legend: (Time is in decaauts)
 A = Elapsed time spent in this place.
 B = Non-inter-level travel time spent in this place.
 C = Inter-level travel time spent in this place.
 D = Time resting spent in this place.
 E = Time spent auto-exploring this place.
 F = Levels seen in this place.
 G = Mean time per level.
                   A        B        C        D        E       F      G
               +--------+--------+--------+--------+--------+-----+--------+
         Total |    333 |    333 |      0 |      0 |    227 |   1 |  333.0 |
       Dungeon |    333 |    333 |      0 |      0 |    227 |   1 |  333.0 |
               +--------+--------+--------+--------+--------+-----+--------+

Top non-repeatable levels by time:
     D:1: 333 daAuts
